 Dungeon Crawl Stone Soup version 0.26.1-11-gd32895ea62 (webtiles) character file.

Game seed: 8861270681511157588

1190 raph the Conjurer (level 8, 0/45 HPs)
             Began as a Tengu Hedge Wizard on Apr 19, 2021.
             Was a Follower of Ashenzari.
             Slain by a killer bee (7 damage)
             ... on level 7 of the Dungeon.
             The game lasted 00:27:27 (12333 turns).

raph the Conjurer (Tengu Hedge Wizard)             Turns: 12333, Time: 00:27:28

Health: 0/45       AC:  3    Str: 11    XL:     8   Next: 43%
Magic:  7/14       EV: 20    Int: 17    God:    Ashenzari [*.....]
Gold:   273        SH:  0    Dex: 13    Spells: 3/14 levels left

rFire    . . .     SeeInvis .   a - +1 halberd (curse)
rCold    . . .     Faith    .   (shield currently unavailable)
rNeg     . . .     Spirit   .   b - +0 robe
rPois    .         Reflect  .   c - +0 hat (curse)
rElec    .         Harm     .   i - +0 cloak
rCorr    .         Rampage  .   (no gloves)
Will     .....                  (boots unavailable)
Stlth    +++.......             (no amulet)
HPRegen  0.15/turn              l - +4 ring of evasion
MPRegen  0.14/turn              g - ring of stealth

@: lethally poisoned (0 -> -19), flying quickly and evasively, quick
A: beak, talons 3, able to fly
a: Stop Flying, Renounce Religion, Curse Item, Scrying


You were on level 7 of the Dungeon.
You worshipped Ashenzari.
Ashenzari was aware of your devotion.
You visited 1 branch of the dungeon, and saw 7 of its levels.
You also visited: Sewer.

You collected 273 gold pieces.

Inventory:

Hand Weapons
 a - a cursed +1 halberd (weapon)
Armour
 b - a +0 robe (worn)
 c - a cursed +0 hat (worn)
 i - a +0 cloak (worn)
Jewellery
 g - a ring of stealth (right hand)
 l - a +4 ring of evasion (left hand)
Wands
 n - a wand of random effects (16)
 v - a wand of acid (11)
Scrolls
 f - 5 scrolls of amnesia
 m - a scroll of blinking
 o - 2 scrolls of magic mapping
 q - 2 scrolls of fog
 s - 2 scrolls of teleportation
 u - a scroll of fear
Potions
 d - 2 potions of cancellation
 e - 2 potions of might
 h - a potion of berserk rage {unknown}
 j - a potion of attraction
 k - 2 potions of curing
 p - a potion of magic {unknown}
 r - a potion of brilliance {unknown}
 t - 2 potions of heal wounds


   Skills:
 + Level 2.7 Fighting
 - Level 0.2 Short Blades
 * Level 3.1 Polearms
 + Level 4.2 Dodging
 + Level 4.0 Stealth
 + Level 3.7 Spellcasting
 * Level 6.1 Conjurations
 * Level 5.0 Summonings
 - Level 1.0 Translocations
 * Level 2.6 Air Magic
 + Level 1.1 Poison Magic


You had 3 spell levels left.
You knew the following spells:

 Your Spells              Type           Power        Failure   Level
a - Magic Dart            Conj           96%          1%          1
b - Call Imp              Summ           20%          3%          2
c - Blink                 Tloc           N/A          16%         2
d - Conjure Flame         Conj/Fire      13%          14%         3
e - Mephitic Cloud        Conj/Pois/Air  14%          13%         3

Your spell library contained the following spells:

 Spells                   Type           Power        Failure   Level
 Dazzling Flash           Conj/Hex       26%          14%         3
 Stone Arrow              Conj/Erth      26%          14%         3
 Corona                   Hex            3%           16%         1
 Sandblast                Erth           6%           16%         1
 Ensorcelled Hibernation  Hex/Ice        6%           24%         2
 Passwall                 Tmut/Erth      2%           24%         2
 Slow                     Hex            3%           24%         2
 Confusing Touch          Hex            3%           43%         3
 Tukima's Dance           Hex            3%           43%         3
 Petrify                  Tmut/Erth      3%           85%         4
 Lee's Rapid Deconstruct  Erth           1%           99%         5


Dungeon Overview and Level Annotations

Branches:
Dungeon (7/15)             Temple (0/1) D:5           Sewer (visited)

Altars:
Ashenzari
Cheibriados
Dithmenos
Elyvilon
Hepliaklqana
Kikubaaqudgha
Nemelex Xobeh
Okawaru
Uskayaw
Wu Jian
Xom
Yredelemnul
Zin
The Shining One

Annotations:
D:2 Natasha
D:6 Eustachio


Innate Abilities, Weirdness & Mutations

You have a beak for a mouth.
You have claws for feet.
You can fly continuously.


Message History

You feel sick. The killer bee stings you! The killer bee completely misses you.
You are too injured to fight recklessly!
You are too injured to fight recklessly!
You are too injured to fight recklessly!
You are too injured to fight recklessly!
Casting: Magic Dart (safe; 1% risk of failure)
Confirm with . or Enter, or press ? or * to list all spells.
A beastly little devil appears in a puff of frigid air.
You feel sick. The killer bee stings you.
You are more poisoned.
The killer bee poisons you! The killer bee completely misses you.
You feel sick. The killer bee misses you.
Casting: Call Imp (safe; 3% risk of failure)
Confirm with . or Enter, or press ? or * to list all spells.
A beastly little devil appears in a puff of frigid air.
You feel sick. The killer bee stings you!
* * * LOW HITPOINT WARNING * * *
You are more poisoned.
The killer bee poisons you! The killer bee stings you!
You die...

#...(.#
##...#######.....#
............<.....#
........#####.<...#
........# #.....#
........# ####.##
........# #####..###
#.......####...5....#
#..........รท.##5@##..#
#........######y## #.#
.........## #y# .#
#.........#####.# #
#............##.###...
........#..............
........^..>...####....
..##.........y.## .#
..##.#..........#


You could see 2 killer bees and 2 friendly white imps.

Vanquished Creatures
  2 sky beasts (D:6)
  3 bullfrogs
  A water moccasin skeleton (D:6)
  A scorpion (D:5)
  2 hounds
  An orc priest (D:5)
  Natasha (D:2)
  3 orc wizards (D:4)
  2 worker ants
  2 howler monkey zombies
  A howler monkey skeleton (D:3)
  A gnoll (D:1)
  6 adders
  3 river rats (Sewer)
  A white imp (D:5)
  3 ufetubi (D:6)
  An ooze (D:3)
  A dart slug (D:1)
  3 leopard geckos
  17 orcs
  3 ball pythons (Sewer)
  A bat zombie (D:5)
  2 giant cockroaches
  6 hobgoblins
  9 jackals
  A kobold (D:2)
  3 quokkas
  6 bats
  9 frilled lizards
  13 goblins
  A jackal skeleton (D:4)
  A leopard gecko skeleton (D:6)
  14 rats
  A rat zombie (D:5)
125 creatures vanquished.

Vanquished Creatures (collateral kills)
  A sky beast (D:5)
  An ogre (D:6)
  A scorpion (D:5)
  An orc priest (D:4)
  3 orc wizards
  2 worker ants
  6 gnolls (D:2)
  A river rat (Sewer)
  4 adders
  10 orcs
  A giant cockroach (D:2)
  A hobgoblin (D:2)
  3 jackals
  3 kobolds (D:2)
  3 bats
  2 frilled lizards
  A goblin (D:3)
44 creatures vanquished.

Grand Total: 169 creatures vanquished

Notes
Turn   | Place    | Note
-------+----------+-------------------------------------------
     0 | D:1      | raph the Tengu Hedge Wizard began the quest for the Orb.
     0 | D:1      | Reached XP level 1. HP: 10/10 MP: 5/5
   345 | D:1      | Reached XP level 2. HP: 15/15 MP: 7/7
   348 | D:1      | Learned a level 2 spell: Call Imp
   351 | D:1      | Learned a level 2 spell: Blink
   694 | D:1      | Reached skill level 1 in Translocations
  1317 | D:1      | Reached skill level 2 in Conjurations
  1317 | D:1      | Reached XP level 3. HP: 19/19 MP: 8/8
  2631 | D:2      | Reached XP level 4. HP: 24/24 MP: 5/10
  2744 | D:2      | Reached skill level 3 in Conjurations
  2931 | D:2      | Reached skill level 1 in Fighting
  3232 | D:2      | Noticed Natasha
  3238 | D:2      | Killed Natasha
  3334 | D:2      | Noticed Natasha
  3602 | D:2      | Gained mutation: You can fly continuously. [Tengu growth]
  3602 | D:2      | Reached XP level 5. HP: 9/29 MP: 2/11
  4581 | D:3      | Learned a level 3 spell: Conjure Flame
  5013 | D:3      | Found an iron altar of Okawaru.
  5047 | D:3      | Reached skill level 4 in Conjurations
  5096 | D:3      | Found a broken altar of Ashenzari.
  5104 | D:3      | Became a worshipper of Ashenzari the Shackled
  6067 | D:3      | Found a white marble altar of Elyvilon.
  6067 | D:3      | Found a glowing golden altar of the Shining One.
  6068 | D:3      | Found a glowing silver altar of Zin.
  6680 | D:4      | Reached XP level 6. HP: 19/34 MP: 9/12
  7381 | D:4      | Learned a level 3 spell: Mephitic Cloud
  7587 | D:4      | Found an ornate altar of the Wu Jian Council.
  7865 | D:5      | Entered Level 5 of the Dungeon
  8002 | D:5      | Noticed a sky beast
  8023 | D:5      | Killed a sky beast
  8024 | D:5      | Reached skill level 1 in Polearms
  8024 | D:5      | Reached skill level 5 in Conjurations
  8024 | D:5      | Reached XP level 7. HP: 33/40 MP: 7/13
  8085 | D:5      | Reached * piety under Ashenzari
  8829 | D:5      | Found a snail-covered altar of Cheibriados.
  8830 | D:5      | Found a hazy altar of Hepliaklqana.
  8999 | D:5      | Found a shadowy altar of Dithmenos.
  9031 | D:5      | Found a staircase to the Ecumenical Temple.
  9377 | D:5      | Found an ancient bone altar of Kikubaaqudgha.
  9663 | D:6      | Found a hide-covered altar of Uskayaw.
  9669 | D:6      | Found a glowing drain.
  9680 | Sewer    | Entered a sewer
 10227 | D:6      | Noticed Eustachio
 10564 | D:6      | Found a shimmering altar of Xom.
 10851 | D:6      | Found a basalt altar of Yredelemnul.
 11144 | D:6      | Reached skill level 1 in Air Magic
 11455 | D:6      | Found a sparkling altar of Nemelex Xobeh.
 11539 | D:6      | Reached XP level 8. HP: 34/45 MP: 6/14
 11923 | D:7      | Reached skill level 6 in Conjurations
 11923 | D:7      | Reached skill level 1 in Poison Magic
 12097 | D:6      | Reached skill level 5 in Summonings
 12333 | D:7      | Slain by a killer bee

Illustrated notes

Levels and vault maps discovered:
D:1:      dpeg_arrival_erosion, layout_basic
D:2:      layout_basic, uniq_natasha
D:3:      layout_rooms, good_gods_temple_1, okawaru_ov_weapons_minmay,
          minmay_misc_feat_pillars, roderic_serpentine_path,
          cheibrodos_ashenzari_chains
D:4:      layout_loops_ring, marbit_many_paths
D:5:      layout_basic, nicolae_dithmenos_shadow_blocks,
          gammafunk_temple_overflow_pools, lemuel_zombie_altar_kikubaaqudgha,
          minmay_temple_entry_statues_pillars
D:6:      layout_loops_ring, lemuel_coloured_pillars_altar,
          eat_drink_and_be_merry_uskayaw, overflow_temple_1_default,
          nicolae_ru_the_path_less_chosen, basic_altar, portal_sewer_entry_a,
          uniq_eustachio, uniq_crazy_yiuf_cottage
D:7:      layout_rooms

Skill      XL: |  1  2  3  4  5  6  7  8 |
---------------+-------------------------+-----
Translocations | 1 |  1.0
Conjurations   | 2 3 4 5 6 |  6.1
Fighting       | 1 2 |  2.7
Dodging        | 3 4 |  4.2
Summonings     | 2 3 4 5 |  5.0
Stealth        | 3 4 |  4.0
Polearms       | 1 2 3 |  3.1
Air Magic      | 1 2 |  2.6
Poison Magic   | 1 |  1.1
Short Blades   | |  0.2
Spellcasting   | |  3.7

Action                   |  1- 3 |  4- 6 |  7- 9 || total
-------------------------+-------+-------+-------++-------
Melee: Dagger            |    51 |       |       ||    51
       Kick              |    10 |    12 |    28 ||    50
       Peck              |     4 |     5 |    17 ||    26
       Halberd           |     5 |    86 |   188 ||   279
 Cast: Magic Dart        |    55 |    55 |    17 ||   127
       Call Imp          |     6 |    64 |    54 ||   124
       Blink             |     1 |     1 |     4 ||     6
       Conjure Flame     |       |       |     2 ||     2
       Mephitic Cloud    |       |       |     2 ||     2
Invok: Curse Item        |       |     2 |       ||     2
 Abil: Fly               |       |     1 |       ||     1
  Use: Potion            |     2 |     2 |     1 ||     5
       Scroll            |       |    13 |     6 ||    19
 Stab: Sleeping          |     3 |     5 |    14 ||    22
       Distracted        |       |     2 |     1 ||     3
       Confused          |       |       |     1 ||     1
Armor: Robe              |    24 |    24 |    15 ||    63
       Skin              |     4 |       |       ||     4
Dodge: Dodged            |    66 |   113 |   229 ||   408
